 Dungeon Crawl Stone Soup version 0.24-a0-769-g368c1644f8 (webtiles) character file.

Game seed: 4980653311288313280, levelgen mode: deterministic

2793 HumanIsDead the Carver (level 10, -1/67 HPs)
             Began as a Human Gladiator on Oct 6, 2019.
             Was a Follower of Okawaru.
             Slain by Harold
             ... wielding a +0 glaive
              (14 damage)
             ... on level 8 of the Dungeon.
             The game lasted 00:26:51 (8433 turns).

HumanIsDead the Carver (Human Gladiator)            Turns: 8433, Time: 00:26:53

Health: -1/67      AC: 13    Str: 18    XL:     10   Next: 2%
Magic:  10/10      EV:  8    Int:  9    God:    Okawaru [*.....]
Gold:   385        SH:  0    Dex: 14    Spells: 9/9 levels left

rFire    . . .     SeeInvis .   L - +2 falchion (elec)
rCold    . . .     Gourm    .   (no shield)
rNeg     . . .     Faith    .   i - +0 chain mail
rPois    .         Spirit   .   c - +0 helmet
rElec    .         Reflect  .   (no cloak)
rCorr    .         Harm     .   M - +2 pair of gloves
MR       .....                  o - +0 pair of boots
Stlth    ..........             (no amulet)
HPRegen  0.21/turn              (no ring)
MPRegen  0.12/turn              (no ring)

@: lethally poisoned (-1 -> -85)
A: no striking features
a: Heroism, Renounce Religion


You were on level 8 of the Dungeon.
You worshipped Okawaru.
Okawaru was aware of your devotion.
You were hungry.

You visited 2 branches of the dungeon, and saw 9 of its levels.

You collected 385 gold pieces.

Inventory:

Hand Weapons
 a - a +0 long sword
 L - a +2 falchion of electrocution (weapon)
Missiles
 d - 3 throwing nets (quivered)
 p - 6 atropa-tipped darts
 w - 46 poisoned darts
Armour
 b - a +0 leather armour
 c - a +0 helmet (worn)
 i - a +0 chain mail (worn)
 o - a +0 pair of boots (worn)
 A - a +0 plate armour
 M - a +2 pair of gloves (worn)
Magical Staves
 y - an uncursed staff of earth {unknown}
Jewellery
 C - an uncursed ring of protection from fire
 D - an uncursed ring of fire
 F - an uncursed ring of stealth
 I - a cursed ring of attention {unknown}
 P - an uncursed ring of resist corrosion {unknown}
Wands
 x - a wand of clouds (5)
 G - a wand of disintegration (11)
 H - a wand of flame (7)
 N - a wand of polymorph (10)
Scrolls
 e - 6 scrolls of remove curse
 g - a scroll of enchant weapon {unknown}
 n - 3 scrolls of fear {unknown}
 r - 2 scrolls of immolation {unknown}
 s - a scroll of blinking {unknown}
 t - 3 scrolls of amnesia {unknown}
 u - 5 scrolls of noise {unknown}
 v - 5 scrolls of teleportation
 E - 2 scrolls of fog {unknown}
 J - a scroll of enchant armour {unknown}
 R - a scroll of random uselessness {unknown}
Potions
 h - a potion of magic
 j - 2 potions of flight
 k - a potion of lignification
 l - 2 potions of heal wounds
 m - a potion of agility
 q - a potion of mutation
 z - a potion of berserk rage
 B - 2 potions of haste
 K - 2 potions of curing
 O - a potion of resistance {unknown}
Comestibles
 f - 16 rations


   Skills:
 - Level 2.0 Fighting
 + Level 12.9 Long Blades
 - Level 2.0 Throwing
 - Level 3.0 Dodging


You had 9 spell levels left.
You didn't know any spells.
Your spell library was empty.

Dungeon Overview and Level Annotations

Branches:
Dungeon (8/15)             Temple (1/1) D:6
   Lair: D:8-11

Altars:
Ashenzari
Cheibriados
Dithmenos
Fedhas
Hepliaklqana
Kikubaaqudgha
Makhleb
Nemelex Xobeh
Okawaru
Qazlal
Ru
Sif Muna
Trog
Uskayaw
Vehumet
Wu Jian
Xom
Yredelemnul
Zin
The Shining One

Shops:
D:4 (   D:5 [

Annotations:
D:2 2 transporters
D:8 Harold


Message History

Found a stone staircase leading down.
You are engulfed in poison gas.
You are lethally poisoned!
You feel very sick.
Harold throws a throwing net.
The throwing net hits you.
You become entangled in the net!
You see here a throwing net.
You tear a large gash into the net.
You are engulfed in poison gas.
You are more poisoned.
You feel very sick.
Harold zaps a wand.
Harold creates a blast of poison gas!
The now-empty wand crumbles to dust.
You struggle against the net.
You are engulfed in poison gas.
You are more poisoned.
You feel very sick.
You rip the net and break free!
You are engulfed in poison gas.
You are more poisoned.
* * * LOW HITPOINT WARNING * * *
x2 You feel extremely sick.
Harold is engulfed in poison gas.
Harold is poisoned.
Harold hits you from afar with a +0 glaive!
You die...

#.... . #.... ##
..##.^.##..
>.........
#........#
#.......##
#...☼§@§##
#...#§§§§## ...
##@§§§## .
##§§§(## ##§§§.#
#....##(.(##
#......#..(###
##......###...###
#.......#
##....## #......#
#.....## #......#
##......##


You could see Harold.

Vanquished Creatures
  A hippogriff (D:7)
  A spriggan (D:7)
  Menkaure (D:7)
  A water moccasin (D:6)
  A sky beast (D:5)
  An orc warrior (D:7)
  2 ice beasts
  2 phantoms
  A necrophage (D:8)
  2 centaurs
  A crocodile (D:7)
  2 bullfrogs
  2 scorpions (D:5)
  2 crimson imps
  6 hounds
  5 orc priests
  12 orc wizards
  An iguana (D:5)
  4 worker ants
  3 hound skeletons
  A howler monkey zombie (D:6)
  A gnoll (D:1)
  7 adders
  3 shadow imps
  An ooze (D:7)
  An adder zombie (D:6)
  2 adder skeletons (D:5)
  2 worms
  A dart slug (D:2)
  2 leopard geckos
  42 orcs
  A ball python (D:5)
  3 bats
  4 giant cockroaches
  6 goblins
  6 hobgoblins
  13 jackals
  3 kobolds
  4 quokkas
  A ball python skeleton (D:5)
  6 frilled lizards
  2 leopard gecko skeletons
  A leopard gecko zombie (D:5)
  A quokka skeleton (D:4)
  10 rats
175 creatures vanquished.

Notes
Turn   | Place    | Note
-------+----------+-------------------------------------------
     0 | D:1      | HumanIsDead the Human Gladiator began the quest for the
                  | Orb.
     0 | D:1      | Reached XP level 1. HP: 16/16 MP: 1/1
    54 | D:1      | Reached XP level 2. HP: 17/22 MP: 2/2
   194 | D:1      | You fall into a shaft and drop 1 floor!
   209 | D:2      | Reached skill level 4 in Long Blades
   209 | D:2      | Reached XP level 3. HP: 14/27 MP: 3/3
   892 | D:2      | You fall into a shaft and drop 2 floors!
   911 | D:4      | Reached XP level 4. HP: 28/33 MP: 4/4
  1488 | D:2      | Found a transporter.
  1493 | D:2      | Found a stormy altar of Qazlal.
  1513 | D:2      | Found a transporter.
  1754 | D:3      | Reached skill level 5 in Long Blades
  1837 | D:3      | Reached XP level 5. HP: 24/38 MP: 5/5
  2353 | D:3      | Reached skill level 6 in Long Blades
  2365 | D:3      | Reached XP level 6. HP: 27/44 MP: 6/6
  3043 | D:4      | Reached skill level 7 in Long Blades
  3232 | D:4      | Reached XP level 7. HP: 39/50 MP: 7/7
  3595 | D:4      | Found Weam's Antique Weapon Shop.
  3610 | D:4      | Reached skill level 8 in Long Blades
  4134 | D:5      | Entered Level 5 of the Dungeon
  4401 | D:5      | Reached skill level 9 in Long Blades
  4401 | D:5      | Reached XP level 8. HP: 47/56 MP: 8/8
  5123 | D:5      | Found Morul's Armour Shoppe.
  5277 | D:5      | Reached skill level 10 in Long Blades
  6129 | D:6      | Reached XP level 9. HP: 39/61 MP: 9/9
  6375 | D:6      | Reached skill level 11 in Long Blades
  6548 | D:6      | Found a hazy altar of Hepliaklqana.
  6657 | D:6      | Found an iron altar of Okawaru.
  6669 | D:6      | Became a worshipper of Warmaster Okawaru
  6754 | D:6      | Found a shadowy altar of Dithmenos.
  6818 | D:6      | Found a shattered altar of Ashenzari.
  6890 | D:6      | Found a staircase to the Ecumenical Temple.
  6896 | Temple   | Entered the Ecumenical Temple
  7480 | D:7      | Reached skill level 12 in Long Blades
  7748 | D:7      | Noticed a hippogriff
  7873 | D:7      | Killed a hippogriff
  7873 | D:7      | Reached * piety under Okawaru
  7901 | D:7      | Noticed Menkaure
  7906 | D:7      | Killed Menkaure
  8056 | D:7      | Noticed a moth of wrath
  8059 | D:7      | Found a bloodstained altar of Trog.
  8365 | D:8      | Reached XP level 10. HP: 66/67 MP: 10/10
  8419 | D:8      | Noticed Harold
  8433 | D:8      | Slain by Harold

Levels and vault maps discovered:
D:1:      sevenhm_arrival_forest_fort_small_3, layout_rooms, bh_walls_and_bars
D:2:      layout_rooms, gammafunk_temple_overflow_arena, minmay_pentomino_t4
D:3:      layout_loops_ring
D:4:      layout_cave_pools, serial_shops, shop, first_ration,
          minmay_close_crescents
D:5:      layout_rooms, serial_shops, shop_fountains, minmay_strange_pillars
D:6:      layout_cave_pools, overflow_temple_1_default,
          cheibrodos_ashenzari_chains, okawaru_gym_becter,
          minmay_temple_entry_enclosed_plants, grunt_dithmenos_shadows
D:7:      layout_loops_ring, the_bakery, tgw_trog, uniq_menkaure
D:8:      layout_cave_pods, lair_entry_dummy, fedhas_altar_2, uniq_pikel,
          uniq_harold
Temple:   regret_index_temple_sphere_string

Skill      XL: |  1  2  3  4  5  6  7  8  9 |
---------------+----------------------------+-----
Long Blades    | 4 5 6 7 9 10 12 | 12.9
Fighting       | |  2.0
Throwing       | |  2.0
Dodging        | |  3.0

Action                   |  1- 3 |  4- 6 |  7- 9 | 10-12 || total
-------------------------+-------+-------+-------+-------++-------
Melee: Long sword        |    82 |   182 |   376 |       ||   640
       Falchion          |       |       |   127 |    21 ||   148
Evoke: Wand              |       |       |     5 |       ||     5
  Use: Scroll            |       |     1 |    10 |       ||    11
       Potion            |       |     1 |       |       ||     1
  Eat: Chunk             |       |     8 |    13 |       ||    21
       Ration            |       |       |     1 |       ||     1
Armor: Leather armour    |     4 |       |       |       ||     4
       Chain mail        |    51 |   131 |   256 |    13 ||   451
Dodge: Dodged            |    35 |    82 |   182 |     7 ||   306
       Rpst.: Long sword |    18 |    19 |    60 |       ||    97
       Falchion          |       |       |     9 |     1 ||    10

Table legend:
 A = Non-vault XP
 B = Vault XP
 C = Vault XP percentage of total XP
 D = Non-vault monster count
 E = Vault monster count
 F = Vault count percentage of total count
                 A         B        C        D         E       F
            +---------+---------+-------+---------+---------+-------
      Total |    3469 |     522 |  13.1 |     162 |      13 |   7.4
            +---------+---------+-------+---------+---------+-------
        D:1 |      33 |       0 |   0.0 |      11 |       0 |   0.0
        D:2 |      96 |       8 |   7.7 |      14 |       3 |  17.6
        D:3 |     252 |       0 |   0.0 |      32 |       0 |   0.0
        D:4 |     445 |       5 |   1.1 |      28 |       2 |   6.7
        D:5 |    1020 |       0 |   0.0 |      40 |       0 |   0.0
        D:6 |     623 |     120 |  16.2 |      15 |       1 |   6.2
        D:7 |     816 |     389 |  32.3 |      15 |       7 |  31.8
        D:8 |     184 |       0 |   0.0 |       7 |       0 |   0.0
            +---------+---------+-------+---------+---------+-------
